 Dungeon Crawl Stone Soup version 0.20-a0-1040-gfd09691 (webtiles) character file.

18 Gorglomux the Ogre Mage (level 2, 0/28 HPs)
             Began as an Ogre Wanderer on Apr 23, 2017.
             Slain by a gnoll (6 damage)
             ... on level 1 of the Dungeon.
             The game lasted 00:01:39 (757 turns).

Gorglomux the Ogre Mage (Ogre Wanderer)              Turns: 757, Time: 00:01:40

Health: 0/28       AC:  4    Str: 14    XL:     2   Next: 66%
Magic:  6/6        EV: 10    Int: 13    God:
Gold:   35         SH:  0    Dex:  9    Spells: 7/8 levels left

rFire    . . .     SeeInvis .   a - +2 spear
rCold    . . .     Gourm    .   (no shield)
rNeg     . . .     Faith    .   b - +0 robe
rPois    .         Spirit   .   (helmet restricted)
rElec    .         Reflect  .   g - +0 cloak
rCorr    .         Harm     .   (gloves unavailable)
MR       .....                  (boots unavailable)
Stlth    +.........             (no amulet)
Regen    0.1/turn               (no ring)
MPRegen  0.1/turn               (no ring)

@: no status effects
A: unfitting armour, tough skin 1
a: no special abilities


You were on level 1 of the Dungeon.
You were not hungry.

You visited 1 branch of the dungeon, and saw 2 of its levels.

You collected 35 gold pieces.

Inventory:

Hand Weapons
 a - a +2 spear (weapon)
Armour
 b - a +0 robe (worn)
 g - a +0 cloak (worn)
   (You found it on level 1 of the Dungeon)
Scrolls
 i - a scroll of remove curse {unknown}
 k - 3 scrolls of identify {unknown}
Potions
 e - a potion of curing {unknown}
 f - a potion of mutation {unknown}
 h - 2 potions of berserk rage {unknown}
Books
 c - Duenkob's Volume of Augmentations

   Spells                             Type                      Level
   a - Infusion                       Charms                       1
   b - Regeneration                   Charms/Necromancy            3
Comestibles
 d - a bread ration {@e1@e1}
 j - 2 meat rations {@e2@e2}
 l - 3 chunks of flesh {@w0@w0}


   Skills:
 + Level 2.0 Fighting
 + Level 0.8 Polearms
 - Level 2.0 Throwing
 - Level 1.7 Dodging
 - Level 3.6 Spellcasting
 + Level 1.3 Charms
   Level 1.7 Air Magic


You had 7 spell levels left.
You knew the following spells:

 Your Spells              Type           Power        Failure   Level  Hunger
a - Infusion              Chrm           #...         12%         1    #......


Dungeon Overview and Level Annotations

Branches:
Dungeon (2/15)

Altars:


Innate Abilities, Weirdness & Mutations

You are too large for most types of armour.
You have tough skin. (AC +1)


Message History

You now have 4/6 mp.
You hit the ooze. The ooze hits you but does no damage.
You now have 3/6 mp.
You hit the ooze!
You kill the ooze!
You now have 2/6 mp.
No target in view!
No target in view!
j - 2 meat rations {@e2@e2} (gained 1)
Your magical infusion is running out.
You are no longer magically infusing your attacks.
You see here a club.
Some of the chunks of flesh in your inventory have rotted away.
You see here a club.
k - 3 scrolls labeled GIEXOA ZAEROO (gained 1)
A hobgoblin comes into view. It is wielding a club.
The hobgoblin shouts!
MP restored: 6 A hobgoblin is nearby!
A hobgoblin is nearby!
A hobgoblin is nearby!
You begin infusing your attacks with magical energy.
You now have 5/6 mp.
You hit the hobgoblin.
You kill the hobgoblin!
Your Fighting skill increases to level 2!
You now have 4/6 mp.
No target in view!
No target in view!
Unknown command.
Things that are here:
a club; a hobgoblin corpse Your magical infusion is running out.
You now have 35 gold pieces (gained 9).
Done exploring.
Done exploring.
Done exploring.
No target in view!
No target in view!
Done exploring.
(D) Dungeon
Where to? (? - help)
You are no longer magically infusing your attacks.
You open the door.
There is an open door here.
There is a stone staircase leading down here.
You climb downwards.
A giant cockroach comes into view.
There is a stone staircase leading up here.
MP restored: 6 You begin infusing your attacks with magical energy.
You now have 5/6 mp.
You hit the giant cockroach. The giant cockroach closely misses you.
The giant cockroach bites you but does no damage.
You now have 4/6 mp.
You hit the giant cockroach!
You kill the giant cockroach!
You now have 3/6 mp.
No target in view!
A gnoll comes into view. It is wielding a spear.
The gnoll shouts!
A gnoll comes into view.
You see here a giant cockroach corpse.
There are monsters nearby!
There are monsters nearby!
Your magical infusion is running out.
There is a stone staircase leading up here.
You swing at nothing.
You swing at nothing.
Attack whom?
Aim: a gnoll, wielding a spear You reach to attack!
The gnoll shouts!
You hit the gnoll.
The gnoll hits you from afar with a spear.
You take 5 damage, and have 23/28 hp.
Attack whom?
Aim: a gnoll, wielding a spear (lightly wounded)
You reach to attack!
You hit the gnoll. The gnoll barely misses you.
Attack whom?
Aim: a gnoll, wielding a spear (moderately wounded)
You reach to attack!
You hit the gnoll.
The gnoll hits you from afar with a spear.
You take 5 damage, and have 18/28 hp.
You now have 3/6 mp.
You hit the gnoll.
You are no longer magically infusing your attacks.
The gnoll hits you but does no damage. The gnoll hits you.
You take 5 damage, and have 13/28 hp.
You now have 2/6 mp.
The gnoll hits you from afar with a spear.
* * * LOW HITPOINT WARNING * * *
The gnoll hits you.
* * * LOW HITPOINT WARNING * * *
You climb upwards.
There is a stone staircase leading down here.
You take 10 damage, and have 3/28 hp.
MASSIVE DAMAGE!!
MP restored: 6 Some of the chunks of flesh in your inventory have rotted away.
The gnoll hits you.
You die...

...............#.##...# #...##..#
.....[...........#...## ##...#...
..............#.##...#####...##..
..............#.#.............#..
####..........#.#......<......##.
.)............#.################.
####...[......#....# #. .#
#####...#.##g##.# #. .#
#...#....@.># #. .#
#....###.#'########## #.
.########...##.............# #.
............##......)...)..# #.
.########...##.............# #.
.#......'...##.............# #.
........#...##.............# #.
#.......#...##..############ #.
........#...#...# #.


You could see a gnoll.

Vanquished Creatures
  An ooze (D:1)
  A giant cockroach (D:2)
  7 hobgoblins (D:1)
  A bat (D:1)
  2 rats (D:1)
12 creatures vanquished.

Notes
Turn   | Place    | Note
-------+----------+-------------------------------------------
     0 | D:1      | Gorglomux the Ogre Wanderer began the quest for the Orb.
     0 | D:1      | Gorglomux set off with: a +2 spear, a +0 robe, Duenkob's Volume of Augmentations, a bread ration {@e1@e1}
     0 | D:1      | Reached XP level 1. HP: 19/19 MP: 5/5
     0 | D:1      | Identified Duenkob's Volume of Augmentations
     2 | D:1      | Learned a level 1 spell: Infusion
   380 | D:1      | Reached skill level 1 in Charms
   388 | D:1      | Reached XP level 2. HP: 27/27 MP: 2/6
   678 | D:1      | Reached skill level 2 in Fighting
   715 | D:2      | HP: 3/28 [gnoll (5)]
   757 | D:1      | Slain by a gnoll

Vault maps used:
D:1:      lemuel_arrival_funnel
D:2:      lemuel_doored_altar

Skill      XL: |  1  2 |
---------------+-------+-----
Charms         | 1 |  1.3
Fighting       | 2 |  2.0
Polearms       | |  0.8
Throwing       | |  2.0
Dodging        | |  1.7
Spellcasting   | |  3.6
Air Magic      | |  1.7

Action                   || total
-------------------------++-------
Melee: Spear             ||    32
 Cast: Infusion          ||     8
Armor: Robe              ||    10
Dodge: Dodged            ||     8

Vault maps used:
D:1:      lemuel_arrival_funnel
D:2:      lemuel_doored_altar

Table legend:
 A = Turns spent in this place as a percentage of turns spent in the entire game.
 B = Non-inter-level travel turns spent in this place as a percentage of non-inter-level travel turns spent in the entire game.
 C = Inter-level travel turns spent in this place as a percentage of turns spent in this place.
 D = Turns resting spent in this place as a percentage of non-inter-level travel turns spent in this place.
 E = Turns spent auto-exploring this place as a percentage of non-inter-level travel turns spent in this place.
 F = Non-inter-level travel turns spent in this place divided by the number of levels of this place that you've seen.
                   A       B       C       D       E      F
               +-------+-------+-------+-------+-------+----------------------
         Total | 100.0 | 100.0 |   0.4 |   0.9 |  10.7 | 112.0
       Dungeon | 100.0 | 100.0 |   0.4 |   0.9 |  10.7 | 112.0
               +-------+-------+-------+-------+-------+----------------------

Table legend:
 A = Kills in this place as a percentage of kills in entire the game.
 B = Kills by you in this place as a percentage of kills by you in the entire game.
 C = Kills by friends in this place as a percentage of kills by friends in the entire game.
 D = Other kills in this place as a percentage of other kills in the entire game.
 E = Experience gained in this place as a percentage of experience gained in the entire game.
 F = Experience gained in this place divided by the number of levels of this place that you have seen.
                   A       B       C       D       E      F
               +-------+-------+-------+-------+-------+----------------------
         Total | 100.0 | 100.0 |  -nan |  -nan | 100.0 |  13.0
       Dungeon | 100.0 | 100.0 |  -nan |  -nan | 100.0 |  13.0
               +-------+-------+-------+-------+-------+----------------------
